 Dungeon Crawl Stone Soup version 0.21-a0-170-g0398fc9 (webtiles) character file.

31 stigmas the Insei (level 3, 0/26 HPs)
             Began as a Demonspawn Transmuter on Aug 6, 2017.
             Slain by a jackal (3 damage)
             ... on level 3 of the Dungeon.
             The game lasted 00:01:35 (1537 turns).

stigmas the Insei (Demonspawn Transmuter)           Turns: 1537, Time: 00:01:35

Health: 0/26       AC:  8    Str: 10    XL:     3   Next: 7%
Magic:  6/6        EV: 12    Int: 15    God:
Gold:   65         SH:  0    Dex: 13    Spells: 5/6 levels left

rFire    . . .     SeeInvis .     - Unarmed
rCold    . . .     Gourm    .   (no shield)
rNeg     . . .     Faith    .   b - +0 robe
rPois    .         Spirit   .   (helmet restricted)
rElec    .         Reflect  .   (no cloak)
rCorr    .         Harm     .   (no gloves)
MR       .....                  (no boots)
Stlth    +.........             (no amulet)
HPRegen  0.08/turn              (no ring)
MPRegen  0.10/turn              (no ring)

@: sanguine armour
A: antennae 1, sanguine armour 1
a: no special abilities


You were on level 3 of the Dungeon.
You were hungry.

You visited 1 branch of the dungeon, and saw 3 of its levels.

You collected 65 gold pieces.

Inventory:

Missiles
 a - 52 arrows
Armour
 b - a +0 robe (worn)
Jewellery
 n - an uncursed ring of resist corrosion {unknown}
Scrolls
 f - a scroll of remove curse {unknown}
 g - 2 scrolls of blinking {unknown}
 i - a scroll of magic mapping {unknown}
 l - a scroll of amnesia {unknown}
 m - a scroll of random uselessness {unknown}
Potions
 e - a potion of ambrosia {unknown}
 k - a potion of heal wounds {unknown}
 o - a potion of degeneration {unknown}
Books
 c - a book of Changes

   Spells                             Type                      Level
   a - Beastly Appendage              Transmutation                1
   b - Sticks to Snakes               Transmutation                2
   c - Spider Form                    Transmutation/Poison         3
   d - Ice Form                       Ice/Transmutation            4
   e - Blade Hands                    Transmutation                5
Comestibles
 d - a bread ration
 h - a fruit
 j - a meat ration


   Skills:
 * Level 1.2 Fighting
 + Level 1.8 Dodging
 * Level 3.3 Unarmed Combat
 * Level 2.3 Spellcasting
 * Level 2.0 Transmutations


You had 5 spell levels left.
You knew the following spells:

 Your Spells              Type           Power        Failure   Level  Hunger
a - Beastly Appendage     Tmut           #.....       10%         1    #......


Dungeon Overview and Level Annotations

Branches:
Dungeon (3/15)

Altars:


Innate Abilities, Weirdness & Mutations

You have a pair of small antennae on your head.
When seriously injured, your bleeding wounds create armour. (AC +6)


Message History

The jackal barely misses you.
The jackal bites you but does no damage.
Unknown command.
The leopard gecko barely misses you.
The orc priest hits you but does no damage.
The jackal bites you but does no damage.
The jackal misses you. The jackal bites you.
* * * LOW HITPOINT WARNING * * *
The leopard gecko misses you. The jackal completely misses you.
The jackal closely misses you. The jackal misses you.
The orc priest hits you from afar with a trident.
* * * LOW HITPOINT WARNING * * *
The jackal bites you but does no damage.
The jackal barely misses you.
The jackal bites you but does no damage.
The leopard gecko closely misses you.
Unknown command.
Unknown command.
The orc priest closely misses you. The jackal bites you.
You die...

#.#### ....#
..... ...#
...# # #>.#
#.##.#l.#
#...oh@h#
#.##.#h#......
# #.. .....
###. .... ##
#.# #


You could see an orc priest, a leopard gecko and 3 jackals.

Vanquished Creatures
  An ooze (D:1)
  A worm (D:2)
  A dart slug (D:1)
  2 leopard geckos
  A giant cockroach (D:1)
  4 goblins
  3 hobgoblins (D:1)
  A bat (D:2)
  3 frilled lizards
  A kobold (D:1)
  2 rats
20 creatures vanquished.

Notes
Turn   | Place    | Note
-------+----------+-------------------------------------------
     0 | D:1      | stigmas the Demonspawn Transmuter began the quest for the Orb.
     0 | D:1      | Reached XP level 1. HP: 15/15 MP: 3/3
   288 | D:1      | Reached skill level 3 in Unarmed Combat
   384 | D:1      | Gained mutation: When seriously injured, your bleeding wounds create armour. (AC +6) [demonic ancestry]
   384 | D:1      | Reached XP level 2. HP: 8/21 MP: 5/5
  1400 | D:2      | Lost mutation: You have a pair of horns on your head. [demonic ancestry]
  1400 | D:2      | Lost mutation: You have a pair of small horns on your head. [demonic ancestry]
  1400 | D:2      | Gained mutation: You have a pair of small antennae on your head. [demonic ancestry]
  1400 | D:2      | Reached XP level 3. HP: 26/26 MP: 4/6
  1537 | D:3      | Slain by a jackal

Vault maps used:
D:1:      dpeg_arrival_windows_large_door
D:3:      tgw_fedhas

Skill      XL: |  1  2 |
---------------+-------+-----
Unarmed Combat | 3 |  3.3
Transmutations | 2 |  2.0
Fighting       | |  1.2
Dodging        | |  1.8
Spellcasting   | |  2.3

Action                   || total
-------------------------++-------
Melee: Unarmed           ||    79
       Headbutt          ||     4
 Cast: Beastly Appendage ||     1
  Eat: Chunk             ||     1
Armor: Robe              ||    21
Dodge: Dodged            ||    77
